 Dungeon Crawl Stone Soup version 0.27.1-4-g1640c2035a (webtiles) character file.

Game seed: 9050106197021987831

133 zeram the Sneak (level 5, -2/34 HPs)
             Began as an Octopode Brigand on Nov 10, 2021.
             Slain by a goblin (3 damage)
             ... led by Robin
             ... on level 3 of the Dungeon.
             The game lasted 00:04:08 (2720 turns).

zeram the Sneak (Octopode Brigand)                  Turns: 2720, Time: 00:04:09

Health: -2/34      AC:  1    Str: 10    XL:     5   Next: 16%
Magic:  5/5        EV: 13    Int: 15    God:
Gold:   87         SH:  0    Dex: 13    Spells: 4/4 levels left

rFire    . . .     SeeInvis .   a - +2 dagger
rCold    . . .     Faith    .   (no shield)
rNeg     . . .     Spirit   .   (helmet restricted)
rPois    .         Reflect  .   (no amulet)
rElec    .         Harm     .   (no ring)
rCorr    .         Rampage  .   (no ring)
Will     .....                  (no ring)
Stlth    +++++.....             (no ring)
HPRegen  0.11/turn              (no ring)
MPRegen  0.09/turn              (no ring)
                                (no ring)
                                (no ring)

@: no status effects
A: almost no armour, amphibious, 8 rings, camouflage 1, gelatinous body 1,
(nimble swimmer 1), tentacles
a: no special abilities


You were on level 3 of the Dungeon.
You visited 1 branch of the dungeon, and saw 3 of its levels.

You collected 87 gold pieces.

Inventory:

Hand Weapons
 a - a +2 dagger (weapon)
Missiles
 b - 32 poisoned darts (quivered)
 c - 2 curare-tipped darts
Wands
 f - a wand of acid (13)
Potions
 g - a potion of might
 i - a potion of haste


   Skills:
 - Level 2.0 Fighting
 + Level 3.0 Short Blades
 - Level 2.0 Throwing
 + Level 1.7 Dodging
 + Level 7.7 Stealth


You had 4 spell levels left.
You didn't know any spells.
Your spell library was empty.

Dungeon Overview and Level Annotations

Branches:
Dungeon (3/15)

Altars:
Xom

Annotations:
D:3 Robin, Sigmund


Innate Abilities, Weirdness & Mutations

You cannot wear most types of armour.
You are amphibious.
You can wear up to eight rings at the same time.
Your skin changes colour to match your surroundings (Stealth+).
Your rubbery body absorbs attacks. (AC +1, EV +1)
((You are camouflaged near water. (Stealth+)))
You have tentacles for arms and can constrict up to eight enemies at once.


Message History

You barely miss the wyvern zombie.
The goblin shouts!
You squeeze the wyvern zombie!
The wyvern zombie is moderately damaged.
The wyvern zombie misses you.
You hit the wyvern zombie but do no damage.
The wyvern zombie is moderately damaged.
The wyvern zombie misses you.
A hobgoblin comes into view.
The hobgoblin shouts!
You hit the wyvern zombie.
The wyvern zombie is moderately damaged.
The goblin no longer looks unusually strong.
The wyvern zombie closely misses you.
You hit the wyvern zombie.
The wyvern zombie is heavily damaged.
The wyvern zombie barely misses you.
The wyvern zombie completely misses you.
The goblin misses you.
The goblin shouts!
The goblin no longer looks unusually strong.
The goblin unwields a +0 club.
The goblin wields a +0 hunting sling.
The goblin shoots a stone.
The stone barely misses you.
The goblin shoots a stone.
The stone closely misses you.
Things that are here:
a +0 trident; a +0 scale mail The goblin no longer looks unusually strong.
The goblin shoots a stone.
The stone misses you. The wyvern zombie bites you!
You hit the wyvern zombie.
The wyvern zombie is heavily damaged.
The goblin closely misses you.
The goblin shoots a stone.
The stone hits you. The wyvern zombie bites you!
* * * LOW HITPOINT WARNING * * *
Unknown command.
You aren't carrying any scrolls.
It was a potion of curing.
You feel better. The wyvern zombie bites you!
* * * LOW HITPOINT WARNING * * *
The goblin hits you with a +0 dagger.
You die...

,,* #.###._g## *,#
,,**#####.#<##g####*,*
,,,,@......#.>[....,,*
,,,,.........rg###****
*,,,........(....#
*,,,.............#
*,,,.........)...#
****######.....g.#
#.....Z@# #########


You could see a wyvern zombie, 3 goblins and a rat.

Vanquished Creatures
  Terence (D:3)
  6 adders (D:2)
  A worm (D:2)
  5 endoplasms
  4 goblins
  4 hobgoblins
  5 quokkas
  6 ball pythons
  7 bats
  3 frilled lizards
  8 kobolds
  3 rats
53 creatures vanquished.

Vanquished Creatures (others)
  A plant (D:1)
1 creature vanquished.

Grand Total: 54 creatures vanquished

Notes
Turn   | Place    | Note
-------+----------+-------------------------------------------
     0 | D:1      | zeram the Octopode Brigand began the quest for the Orb.
     0 | D:1      | Reached XP level 1. HP: 14/14 MP: 1/1
   399 | D:1      | Reached XP level 2. HP: 19/19 MP: 2/2
   420 | D:1      | Reached skill level 6 in Stealth
   656 | D:1      | Found a faded altar of an unknown god.
  1422 | D:2      | Reached XP level 3. HP: 14/24 MP: 3/3
  2076 | D:2      | Reached skill level 7 in Stealth
  2076 | D:2      | Reached XP level 4. HP: 27/29 MP: 4/4
  2685 | D:3      | Found a shimmering altar of Xom.
  2685 | D:3      | Found a shimmering altar of Xom.
  2688 | D:3      | Found a shimmering altar of Xom.
  2688 | D:3      | Found a shimmering altar of Xom.
  2689 | D:3      | Noticed Robin
  2704 | D:3      | Noticed Terence
  2706 | D:3      | Killed Terence
  2707 | D:3      | Reached XP level 5. HP: 22/34 MP: 5/5
  2709 | D:3      | Noticed Sigmund
  2720 | D:3      | HP: 1/34 [wyvern zombie (13)]
  2720 | D:3      | Slain by a goblin

Illustrated notes

Levels and vault maps discovered:
D:1:      minmay_arrival_nine_rooms, layout_basic,
          hellmonk_ecumenical_altar_blasted, serial_forest,
          infiniplex_forest_end_1, infiniplex_forest_clump_diagonal,
          infiniplex_forest_clump_small, infiniplex_forest_clump_tiny,
          infiniplex_forest_lined_room_2, infiniplex_forest_lined_room_2,
          infiniplex_forest_straight_4, infiniplex_forest_clump_cross
D:2:      layout_loops_ring
D:3:      layout_basic, mainiacjoe_overflow_brackets, xom_redecorated,
          serial_shops, shop, uniq_terence, uniq_sigmund, uniq_robin

Skill      XL: |  1  2  3  4 |
---------------+-------------+-----
Stealth        | 6 7 |  7.7
Short Blades   | 3 |  3.0
Fighting       | |  2.0
Throwing       | |  2.0
Dodging        | |  1.7

Action                   |  1- 3 |  4- 6 || total
-------------------------+-------+-------++-------
Melee: Dagger            |    66 |    44 ||   110
       Constrict         |    17 |     8 ||    25
       Tentacles         |     9 |     6 ||    15
  Use: Scroll            |     5 |     4 ||     9
       Potion            |     1 |     1 ||     2
 Stab: Sleeping          |    14 |     8 ||    22
Armor: Skin              |    13 |     3 ||    16
Dodge: Dodged            |    36 |    27 ||    63
